AoeStats
← ARQUVICII ◢ ◤

Arabia

510137270Analyzed
2v2 RM · 2d ago on Sep 29, 2026· 28m 25s· 4 players
Game mode
Random Map
Map size
Medium (4 player)
Population
200
Speed
Normal
Resources
Standard
Victory
Conquest
Starting age
Dark Age
Ending age
Imperial Age
RankedLock teamsTeams togetherTeam positionsShared explorationLock speedFull tech treeHidden civsTurbo modeCheats
Victory
Defeat
🇦🇷 Italians · Argentina
1182
+13
🇦🇷 Franks · Argentina
1176
+14
🇦🇷 Italians · Argentina
1142
-14
🇬🇧 Mongols · United Kingdom
1122
-13
ARQUVICII ◢ ◤
7:26 Loom
9:12 Feudal Age
10:49 Town Watch
18:41 Horse Collar
18:49 Double-Bit Axe
24:56 Castle Age
23:07 Stone Mining
24:57 Elite Skirmisher
27:58 Wheelbarrow
EDL Spitfire
7:59 Loom
10:11 Feudal Age
21:51 Castle Age
21:05 Bloodlines
21:13 Forging
20:51 Double-Bit Axe
22:09 Light Cavalry
23:22 Gold Mining
24:49 Pikeman
25:35 Stone Mining
26:55 Fletching
russogiuliorusso
6:40 Loom
9:15 Feudal Age
17:14 Scale Barding Armor
19:22 Double-Bit Axe
23:16 Castle Age
22:05 Wheelbarrow
21:43 Forging
24:21 Chain Barding Armor
24:37 Iron Casting
24:06 Husbandry
RepolloMortal
6:14 Loom
9:15 Feudal Age
22:32 Castle Age
20:27 Double-Bit Axe
20:34 Fletching
21:02 Horse Collar
21:14 Gold Mining
23:35 Bow Saw
22:50 Crossbowman
23:43 Stone Mining
24:06 Bodkin Arrow
27:31 Ballistics
27:12 Padded Archer Armor
Connection lost

Rejoining the realm…

Still unreachable

The connection could not be restored.

Session expired

The server has moved on; the page needs a fresh start.